 Dungeon Crawl Stone Soup version 0.30-a0-972-gf3ab3527aa (webtiles) character file.

Game seed: 50380585757455741

437 Shard1697 the Cudgeller (level 6, -11/46 (55) HPs)
             Began as an Armataur Fighter on Apr 1, 2023.
             Mangled by a wight
             ... wielding a +5 battleaxe
              (13 damage)
             ... on level 5 of the Dungeon.
             The game lasted 00:03:29 (3574 turns).

Shard1697 the Cudgeller (Armataur Fighter)          Turns: 3574, Time: 00:03:30

HP:   -11/46 (55)   AC: 12    Str: 21    XL:     6   Next: 69%
MP:   6/6           EV:  8    Int:  6    God:
Gold: 172           SH:  5    Dex: 14    Spells: 5/5 levels left

rFire   . . .      SeeInvis .    a - +0 flail
rCold   + + +      Faith    .    c - +0 buckler
rNeg    . . .      Spirit   .    n - +0 ring mail
rPois   .          Reflect  .    b - +0 helmet
rElec   .          Roll     +    t - +0 cloak
rCorr   +                        (no gloves)
Will    +....                    (no barding)
Stlth   +                        (no amulet)
HPRegen 0.27/turn                D - ring "Ifoago" {rC+++ Will+ rCorr AC+4 Int-3 Dex+3}
MPRegen 0.10/turn                (no ring)

@: heavily drained
A: large, rugged brown scales 3, deformed body, armoured tail, roll, long
tongue, awkward tongue
a: no special abilities


You were on level 5 of the Dungeon.
You visited 1 branch of the dungeon, and saw 5 of its levels.

You collected 172 gold pieces.

Inventory:

Hand Weapons
 a - a +0 flail (weapon)
Missiles
 y - a throwing net (quivered)
Armour
 b - a +0 helmet (worn)
 c - a +0 buckler (worn)
 n - a +0 ring mail (worn)
 t - a +0 cloak (worn)
Jewellery
 w - an amulet of magic regeneration
 D - the ring "Ifoago" (left hand) {rC+++ Will+ rCorr AC+4 Int-3 Dex+3}
   (You found it on level 4 of the Dungeon)

   [ring of protection]

   AC:        It affects your AC (+4).
   Int:       It affects your intelligence (-3).
   Dex:       It affects your dexterity (+3).
   rC:        It renders you almost immune to cold.
   rCorr:     It protects you from acid and corrosion.
   Will:      It increases your willpower.
Scrolls
 f - a scroll of enchant weapon {unknown}
 g - 2 scrolls of fog {unknown}
 h - a scroll of enchant armour {unknown}
 j - a scroll of blinking {unknown}
 k - 4 scrolls of teleportation {unknown}
 l - 5 scrolls of identify {unknown}
 o - 2 scrolls of immolation {unknown}
 p - a scroll of summoning {unknown}
 q - 3 scrolls of silence {unknown}
 r - 2 scrolls of poison {unknown}
 u - a scroll of vulnerability {unknown}
 v - a scroll of magic mapping {unknown}
 z - 2 scrolls of fear {unknown}
 C - a scroll of brand weapon {unknown}
Potions
 d - a potion of might
 e - a potion of invisibility {unknown}
 i - 4 potions of attraction {unknown}
 m - 2 potions of brilliance {unknown}
 s - a potion of magic {unknown}
 x - a potion of lignification {unknown}
 A - 2 potions of heal wounds {unknown}
 B - a potion of berserk rage {unknown}


   Skills:
 - Level 3.9 Fighting
 + Level 1.2(3.4) Axes
 - Level 5.6(5.8) Maces & Flails
 - Level 3.6 Armour
 - Level 3.2 Shields


You had 5 spell levels left.
You didn't know any spells.
Your spell library was empty.

Dungeon Overview and Level Annotations

Branches:
Dungeon (5/15)
 Temple: D:4-7

Altars:
Uskayaw


Innate Abilities, Weirdness & Mutations

You are completely covered in rugged brown scales. (AC +3, +7% HP)
Armour fits poorly on your strangely shaped body.
You have a long armoured tail.
You roll when moving toward enemies. (Rampage)
Your long tongue fully drains potion bottles. (2x potion effects)
Your tongue gives you trouble enunciating. (1.5x scroll delay)


Message History

You destroy the wight!
Your life force feels restored.
Your base Axes skill increases to level 1!
Things that are here:
a +1 hand axe; a +0 robe You start resting.
HP restored.
There is a stone staircase leading down here.
You climb downwards.
The wight hits you with a +5 battleaxe.
You feel drained. The wight barely misses you.
There is a stone staircase leading up here.
You hit the wight but do no damage. The wight hits you but does no damage.
You hit the wight but do no damage. The wight hits you with a +5 battleaxe!
You feel drained.
You sock the wight!
Your tail-slap misses the wight.
The wight is heavily damaged.
The wight barely misses you.
You hit the wight.
The wight is severely damaged.
The wight hits you with a +5 battleaxe!
You hit the wight.
The wight is almost destroyed.
The wight hits you with a +5 battleaxe.
You feel drained.
You barely miss the wight.
The wight is almost destroyed.
The wight hits you with a +5 battleaxe!
You barely miss the wight.
The wight is almost destroyed.
The wight hits you with a +5 battleaxe.
* * * LOW HITPOINT WARNING * * *
You feel drained.
* * * LOW HITPOINT WARNING * * *
You hit the wight but do no damage.
Your tail-slap misses the wight.
The wight is almost destroyed.
The wight hits you with a +5 battleaxe.
* * * LOW HITPOINT WARNING * * *
You feel drained.
* * * LOW HITPOINT WARNING * * *
The wight hits you with a +5 battleaxe!
You die...

. .. ...
.!.. ###
..#..## #@#
...z...##z##
....z.)).z.#
.......#####
.......
.......
#######


You could see 2 wights.

Vanquished Creatures
  A scorpion (D:4)
  2 wights
  Crazy Yiuf (D:2)
  An orc priest (D:3)
  2 orc wizards (D:5)
  Robin (D:2)
  6 adders
  2 worms
  3 dart slugs
  7 orcs
  8 bats
  4 endoplasms
  3 giant cockroaches
  10 goblins
  12 hobgoblins
  4 jackals (D:4)
  3 quokkas
  7 ball pythons
  2 frilled lizards
  8 kobolds
  5 rats
92 creatures vanquished.

Notes
Turn   | Place    | Note
-------+----------+-------------------------------------------
     0 | D:1      | Shard1697 the Armataur Fighter began the quest for the Orb.
     0 | D:1      | Reached XP level 1. HP: 19/19 MP: 1/1
    49 | D:1      | Reached skill level 2 in Maces & Flails
   218 | D:1      | Reached XP level 2. HP: 26/26 MP: 2/2
   748 | D:2      | Noticed Robin
   752 | D:2      | Reached skill level 3 in Maces & Flails
   769 | D:1      | Reached XP level 3. HP: 3/32 MP: 3/3
   964 | D:2      | Killed Robin
  1566 | D:2      | Reached XP level 4. HP: 35/39 MP: 4/4
  1592 | D:2      | Found a runed translucent door.
  1593 | D:2      | Noticed Crazy Yiuf
  1603 | D:2      | Killed Crazy Yiuf
  1604 | D:2      | Reached skill level 4 in Maces & Flails
  1944 | D:3      | Reached XP level 5. HP: 38/44 MP: 5/5
  2465 | D:4      | Reached skill level 5 in Maces & Flails
  2782 | D:4      | Found a hide-covered altar of Uskayaw.
  3216 | D:4      | Identified the ring "Ifoago" {rC+++ Will+ rCorr AC+4 Int-3
                  | Dex+3}
  3413 | D:5      | Entered Level 5 of the Dungeon
  3429 | D:5      | Reached XP level 6. HP: 50/54 MP: 6/6
  3477 | D:4      | Reached skill level 1 in Axes
  3574 | D:5      | HP: 2/46 [wight/+5 battleaxe (1)]
  3574 | D:5      | Mangled by a wight

Illustrated notes

Levels and vault maps discovered:
D:1:      saegor_arrival_simple_b, layout_loops_ring
D:2:      layout_loops_ring, kennysheep_boxes, uniq_robin,
          uniq_crazy_yiuf_cottage
D:3:      layout_loops_ring, minmay_close_crescents
D:4:      layout_layer_cave, eat_drink_and_be_merry_uskayaw
D:5:      lemuel_castle_with_subvaults [lemuel_castle_interior_carwin_1],
          layout_basic, chequers_arboretum, nicolae_half_adder

Skill      XL: |  1  2  3  4  5  6 |
---------------+-------------------+-----
Maces & Flails | 2 3 4 5 |  5.6
Fighting       | 3 |  3.9
Axes           | 1 |  1.2
Armour         | |  3.6
Shields        | |  3.2

Action                     |  1- 3 |  4- 6 || total
---------------------------+-------+-------++-------
  Melee: Flail             |    97 |   198 ||   295
         Tailslap          |     8 |    29 ||    37
 Armour: Scale mail        |    12 |       ||    12
         Ring mail         |    28 |    82 ||   110
  Dodge: Dodged            |    49 |    76 ||   125
  Block: Buckler           |    16 |    36 ||    52

Table legend: (Time is in decaauts)
 A = Elapsed time spent in this place.
 B = Non-inter-level travel time spent in this place.
 C = Inter-level travel time spent in this place.
 D = Time resting spent in this place.
 E = Time spent auto-exploring this place.
 F = Levels seen in this place.
 G = Mean time per level.
                   A        B        C        D        E       F      G
               +--------+--------+--------+--------+--------+-----+--------+
         Total |   3638 |   3525 |    113 |    309 |   2525 |   5 |  727.6 |
       Dungeon |   3638 |   3525 |    113 |    309 |   2525 |   5 |  727.6 |
               +--------+--------+--------+--------+--------+-----+--------+

Top non-repeatable levels by time:
     D:4: 1073 daAuts
     D:1: 890 daAuts
     D:2: 864 daAuts
     D:3: 732 daAuts
     D:5: 76 daAuts
